 Dungeon Crawl Stone Soup version 0.18.1-50-g88ac8fd (webtiles) character file.

171 varam the Digger (level 5, -13/28 HPs)
             Began as a Gargoyle Earth Elementalist on Oct 20, 2016.
             Was a Follower of Vehumet.
             Killed by divine providence
             ... invoked by an orc priest
              (14 damage)
             ... on level 3 of the Dungeon.
             The game lasted 00:09:04 (3873 turns).

varam the Digger (Gargoyle Earth Elementalist)      Turns: 3873, Time: 00:09:04

Health: -13/28     AC:  6    Str: 12    XL:     5   Next: 51%
Magic:  11/11      EV: 12    Int: 16    God:    Vehumet [*.....]
Gold:   143        SH:  0    Dex: 10    Spells: 3 memorised, 3 levels left

rFire  . . .     SeeInvis .     b - 23 stones
rCold  . . .     Gourm    .     a - +0 robe
rNeg   + . .     Faith    .     (no shield)
rPois  ∞         Spirit   .     (no helmet)
rElec  +         Dismiss  .     (no cloak)
rCorr  .         Reflect  .     (no gloves)
SustAt .         Harm     .     (no boots)
MR     .....                    (no amulet)
Stlth  ++........               (no ring)
                                (no ring)

@: very slightly contaminated, not resistant to hostile enchantments, unstealthy
A: negative energy resistance 1, electricity resistance, unbreathing,
petrification resistance, rot immunity, AC +4
a: Renounce Religion


You were on level 3 of the Dungeon.
You worshipped Vehumet.
Vehumet was aware of your devotion.
You were not hungry.

You visited 1 branch of the dungeon, and saw 3 of its levels.

You collected 143 gold pieces.

Inventory:

Hand Weapons
 w - a +0 whip
Missiles
 b - 23 stones (in hand)
 n - 4 javelins
Armour
 a - a +0 robe (worn)
 e - a +2 ring mail of cold resistance
Scrolls
 d - a scroll of random uselessness {unknown}
 g - a scroll of enchant armour {unknown}
 i - 5 scrolls of identify {unknown}
 l - 6 scrolls of remove curse {unknown}
 m - 2 scrolls of recharging {unknown}
 p - a scroll of fog {unknown}
 q - a scroll of teleportation {unknown}
 t - a scroll of noise {unknown}
Potions
 h - 3 potions of might {unknown}
 j - a potion of cure mutation {unknown}
 o - 2 potions of flight {unknown}
 r - a potion of curing {unknown}
Books
 c - a book of Geomancy

   Spells                             Type                      Level
   a - Sandblast                      Earth                        1
   b - Passwall                       Transmutation/Earth          2
   c - Stone Arrow                    Conjuration/Earth            3
   d - Petrify                        Transmutation/Earth          4
   e - Lee's Rapid Deconstruction     Earth                        5
Comestibles
 f - 2 royal jellies
 k - a beef jerky
 s - 3 chunks of flesh


   Skills:
 - Level 1.5 Dodging
 - Level 2.1 Stealth
 * Level 4.0 Spellcasting
 + Level 2.1 Conjurations
   Level 0.7 Transmutations
 + Level 4.7 Earth Magic


You had 3 spell levels left.
You knew the following spells:

 Your Spells              Type           Power        Failure   Level  Hunger
a - Sandblast             Erth           ###...       2%          1    None
b - Lee's Rapid Deconstr  Erth           ###.......   75%         5    ######.
c - Stone Arrow           Conj/Erth      ##....       14%         3    ###....


Dungeon Overview and Level Annotations

Branches:
Dungeon (3/15)

Altars:
Okawaru
Vehumet


Innate Abilities, Weirdness & Mutations

You are resistant to torment.
Your stone body is resilient (AC +4).
You are immune to poison.
You resist negative energy.
You are resistant to electric shocks.
You can survive without breathing.
You are immune to petrification.
You are immune to rotting.


Message History

You feel earthy.
Unknown command.
The orc priest calls down the wrath of Beogh upon you.
Pain shoots through your body!
An orc comes into view. It is wielding a rapier of freezing.
The orc throws a tomahawk.
The tomahawk closely misses you.
You see here a tomahawk.
The orc priest invokes the aid of Beogh against you.
Beogh smites you!
You see here a chunk of flesh.
The orc shouts!
You see here a scale mail.
The orc priest mumbles some strange prayers to Beogh against you.
Beogh smites you!
Ouch! That really hurt!
* * * LOW HITPOINT WARNING * * *
The orc priest mumbles some strange prayers to Beogh against you.
Beogh smites you!
Ouch! That really hurt!
You die...

#...........##
#...##.###....
#...##.####.## #
#...##.#....# .#
#...##(..##.# #
###.####.....####.#
#.###...##.(....##
#.##
#...<.###..#...##
#..#
###....@.o##..##
##.#
#...##).......####
#(. #..##
#.####..oo..#####.(
#.#
#.#......##.[......
...
#.#.###...#######%.
..# #.# #.#.# #(.
.# ..#
#.#.#######o. ...
#.#........(. #.#
#.###..####o.


You could see an orc priest and 2 orcs.

Vanquished Creatures
  10 adders
  An ooze (D:3)
  2 worms (D:2)
  2 dart slugs
  2 giant geckos (D:3)
  5 orcs
  7 bats
  2 giant cockroaches
  5 goblins (D:1)
  5 hobgoblins
  5 jackals
  A quokka (D:2)
  5 giant newts
  9 kobolds
  7 rats
68 creatures vanquished.

Notes
Turn   | Place    | Note
--------------------------------------------------------------
     0 | D:1      | varam the Gargoyle Earth Elementalist began the quest for the Orb.
     0 | D:1      | Reached XP level 1. HP: 10/10 MP: 3/3
   369 | D:1      | Reached XP level 2. HP: 12/15 MP: 5/5
  1138 | D:1      | Reached XP level 3. HP: 16/19 MP: 5/7
  1143 | D:1      | Learned a level 3 spell: Stone Arrow
  1623 | D:2      | Found an iron altar of Okawaru.
  1914 | D:2      | Reached XP level 4. HP: 23/24 MP: 4/8
  1939 | D:2      | Found a radiant altar of Vehumet.
  1961 | D:2      | Became a worshipper of Vehumet
  2554 | D:3      | Reached skill level 1 in Conjurations
  2582 | D:3      | Reached XP level 5. HP: 20/28 MP: 1/10
  3642 | D:2      | Learned a level 5 spell: Lee's Rapid Deconstruction
  3788 | D:3      | Reached * piety under Vehumet
  3788 | D:3      | Offered knowledge of Magic Dart by Vehumet.
  3872 | D:3      | HP: 1/28 [orc priest/divine providence (16)]
  3873 | D:3      | Killed from afar by an orc priest

Skill      XL: |  1  2  3  4  5 |
---------------+----------------+-----
Earth Magic    | 4 |  4.7
Spellcasting   | 3 4 |  4.0
Conjurations   | 1 2 |  2.1
Dodging        | |  1.5
Stealth        | |  2.1
Transmutations | |  0.7

Action                   |  1- 3 |  4- 6 || total
-------------------------+-------+-------++-------
Melee: Short sword       |    41 |       ||    41
       Whip              |       |    33 ||    33
 Cast: Sandblast         |    46 |    62 ||   108
       Stone Arrow       |       |     7 ||     7
 Stab: Sleeping          |     1 |       ||     1
  Eat: Chunk             |     1 |     3 ||     4
       Bread ration      |     1 |       ||     1
       Royal jelly       |       |     1 ||     1
Armor: Robe              |    25 |    45 ||    70
Dodge: Dodged            |    50 |    65 ||   115
